 Dungeon Crawl Stone Soup version 0.31-a0-161-gb58dd9be76 (webtiles) character file.

Game seed: 17502767744987899608

42445 qw the Marksnaga (level 14, -5/138 HPs)
             Began as a Naga Hunter on June 12, 2023.
             Was an Elder of Okawaru.
             Killed by the air
             ... invoked by a wind drake
              (20 damage)
             ... on level 5 of the Lair of Beasts.
             The game lasted 00:06:14 (14772 turns).

qw the Marksnaga (Naga Hunter)                     Turns: 14772, Time: 00:06:15

Health: -5/138     AC: 18    Str: 14    XL:     14   Next: 19%
Magic:  21/21      EV: 17    Int: 10    God:    Okawaru [****..]
Gold:   576        SH:  0    Dex: 19    Spells: 13/13 levels left

rFire   . . .        a - +2 triple crossbow (drain)
rCold   + + +        (shield currently unavailable)
rNeg    . . .        l - +4 skin of Zhor {*Englaciate rC+++ SInv}
rPois   +            h - +2 hat {Will+}
rElec   .            (no cloak)
rCorr   .            r - +1 pair of gloves
SInv    +            (no barding)
Will    ++...        (no amulet)
Stlth   ++++         b - +4 ring of slaying {mikee}
HPRegen 0.43/turn    p - +4 ring of protection
MPRegen 0.17/turn

%: no passive effects
@: heroic, very slow
A: AC +4, large, see invisible, deformed body, poison resistance, slowness 2,
spit poison 1, naga tail 2
a: Spit Poison, Renounce Religion, Heroism, Finesse


You were on level 5 of the Lair of Beasts.
You worshipped Okawaru.
Okawaru was greatly pleased with you.
You visited 3 branches of the dungeon, and saw 16 of its levels.

You collected 895 gold pieces.
You spent 319 gold pieces at shops.


Innate Abilities, Weirdness & Mutations

Your serpentine skin is tough. (AC +4)
You have supernaturally acute eyesight. (SInv)
Armour fits poorly on your strangely shaped body.
Your system is resistant to poisons. (rPois)
You cover ground very slowly.
You can spit poison.
You can use your snake-like lower body to constrict enemies.


   Skills:
 - Level 12.1(17.1) Fighting
 + Level 16.2(21.2) Ranged Weapons
 - Level 2.0(7.0) Armour
 - Level 7.0(12.0) Dodging
 - Level 1.5(6.5) Stealth
 - Level 10.0 Invocations


You had 13 spell levels left.
You didn't know any spells.
Your spell library was empty.

Inventory:

Hand Weapons
 a - a +2 triple crossbow of draining (weapon)
Armour
 h - a +2 hat of willpower (worn)
 i - a +0 troll leather armour
 j - the +0 robe "Xakkevitt" {Contam Fly Regen+ Stlth+}
   (You found it on level 7 of the Dungeon)

   Fly:       It grants you flight.
   Contam:    It causes magical contamination when unequipped.
   Regen:     It increases your rate of health regeneration.
   Stlth:     It makes you more stealthy.
 k - a +2 helmet
 l - the +4 skin of Zhor (worn) {*Englaciate rC+++ SInv}
   (You found it on level 7 of the Dungeon)

   *Englaciate: It radiates cold, occasionally slowing all nearby creatures who
   are not resistant to cold.
   rC:        It renders you almost immune to cold.
   SInv:      It lets you see invisible.
 r - a +1 pair of gloves (worn)
Jewellery
 b - a +4 ring of slaying (left hand) {mikee}
 o - a ring of fire
 p - a +4 ring of protection (right hand)
 q - a ring of resist corrosion
Scrolls
 d - 8 scrolls of identify
Potions
 c - 3 potions of mutation
 f - a potion of cancellation
 g - 2 potions of haste
 m - 6 potions of might
 n - 2 potions of curing

Dungeon Overview and Level Annotations

Branches:
Dungeon (10/15)            Temple (1/1) D:7            Lair (5/5) D:10
 Shoals (0/4) Lair:2        Snake (0/4) Lair:3          Orc (0/2) D:10
  Slime: Lair:4-5

Altars:
Ashenzari
Cheibriados
Dithmenos
Elyvilon
Fedhas
Gozag
Hepliaklqana
Kikubaaqudgha
Makhleb
Nemelex Xobeh
Okawaru
Qazlal
Ru
Sif Muna
Trog
Uskayaw
Vehumet
Wu Jian
Xom
Yredelemnul
Zin
The Shining One

Shops:
D:4 !   D:9 =*:

Portals:
Trove: D:10 (give 17 potions of curing)


Message History

You shoot a bolt. The bolt hits the merfolk avatar.
You drain the merfolk avatar.
The merfolk avatar is lightly wounded.
A wind drake comes into view.
The merfolk avatar chants its luring song.
The wind drake flaps its wings at something.
The air twists around and strikes you.
You shoot a bolt.
The bolt closely misses the merfolk avatar.
The merfolk avatar chants its luring song.
You shoot a bolt. The bolt hits the merfolk avatar.
You drain the merfolk avatar.
The merfolk avatar is lightly wounded.
The merfolk avatar chants its luring song.
You shoot a bolt. The bolt hits the merfolk avatar!!
You drain the merfolk avatar!
The merfolk avatar is heavily wounded.
You radiate an aura of cold.
The drowned soul is unaffected.
The merfolk avatar seems to slow down.
The wind drake seems to slow down.
The drowned soul is unaffected.
The wind drake exhales a fierce blast of wind!
You are knocked back by the gust of wind.
The merfolk avatar is knocked back by the gust of wind.
The merfolk avatar slams into the stone wall!
The merfolk avatar is severely wounded.
You shoot a bolt. The bolt hits the merfolk avatar!!!
You break out of your daze!
You kill the merfolk avatar!
Okawaru accepts your kill.
The drowned soul returns to the deep! x3
The wind drake is no longer moving slowly.
You shoot a bolt. The bolt hits the wind drake!!
You drain the wind drake.
The wind drake is heavily wounded.
The wind drake exhales a fierce blast of wind!
You are knocked back by the gust of wind.
You shoot a bolt. The bolt barely misses the wind drake.
You shoot a bolt. The bolt is repelled.
The wind drake flaps its wings at you. The air twists around and strikes you!!
You die...

~# ~ #.~# ~~ #~~#
... #~~# #~8
#.~##... %~~# .~~~
#~~~~~. ~~~#
#[~~.#####~~~~~ .
#~~#
~.~~~~.%}#~~~# ...
~~~#
8~.~~8~~.#~~##~..#
~~~#
##'.~#~#k#..~~~..#
P~~# #!!
#~~~@~~~~.... ~~~#
~ #~~~##~~#~...
~~~# #~~~~~%~#~ .
~~~# $~~~.# ~~~~.
~~~# ###~..# /~~..
#~~# 8~~~# ~~#..#
## #~.#
~~~~}#~~##~..# ..#
~~~# ######
~~~~...##..## ~~~#
~P~~~.......#


You could see a wind drake (repels missiles, catching breath, drained).

Vanquished Creatures
  Rupert (Lair:4)
  Gastronok (Lair:3)
  Fannar (D:10)
  2 hydras
  A catoblepas (Lair:5)
  A merfolk avatar (Lair:5)
  A death knight (D:10)
  A centaur warrior (D:10)
  A boulder beetle (D:10)
  A two-headed ogre (D:7)
  Amaemon (Lair:2)
  A fire crab (shapeshifter) (D:10)
  A skyshark (Lair:2)
  A sea snake (Lair:5)
  2 manticores (Lair:5)
  9 elephants
  2 black mambas
  An orange demon (Lair:2)
  12 cane toads
  A gargoyle (D:10)
  Maggie (D:6)
  3 komodo dragons (Lair:1)
  8 rime drakes
  A polar bear (Lair:5)
  Prince Ribbit (D:6)
  4 hornets
  16 blink frogs
  A wind drake (Lair:5)
  A snapping turtle (Lair:5)
  17 dream sheep
  A shadow (D:9)
  42 yaks
  7 wyverns
  3 steam dragons
  2 basilisks
  3 vampire mosquitoes (D:10)
  3 nagas (Lair:3)
  2 sky beasts (D:7)
  10 water moccasins
  5 orc warriors
  2 black bears
  6 wolves (Lair:5)
  An ogre (D:6)
  3 centaurs
  2 phantoms
  11 bullfrogs
  A gnoll sergeant (D:7)
  8 howler monkeys
  3 hounds
  4 orc priests
  2 gnoll boudas
  Jessica (D:2)
  3 iguanas
  7 orc wizards
  2 sleepcaps
  Ijyb (D:3)
  4 hell rats (Lair:4)
  Robin (D:3)
  14 gnolls
  3 adders
  A shadow imp (D:6)
  A white imp (D:7)
  An ufetubus (D:4)
  4 worms
  2 dart slugs
  19 orcs
  7 ball pythons
  2 bats
  7 endoplasms
  7 giant cockroaches
  17 goblins
  7 hobgoblins
  3 jackals (D:4)
  8 kobolds
  4 quokkas
  2 frilled lizards
  3 rats
347 creatures vanquished.

Notes
Turn   | Place    | Note
-------+----------+-------------------------------------------
     0 | D:1      | qw the Naga Hunter began the quest for the Orb.
     0 | D:1      | Reached XP level 1. HP: 19/19 MP: 1/1
     0 | D:1      | 0 ||| qw: Version: 0.2-a-29-gc1b59c4
     0 | D:1      | 0 ||| qw: Game counter: 4196
     0 | D:1      | 0 ||| qw: Always use a shield: true
     0 | D:1      | 0 ||| qw: God list: Okawaru
     0 | D:1      | 0 ||| qw: Allow faded altars: false
     0 | D:1      | 0 ||| qw: Do Orc after D:15 true
     0 | D:1      | 0 ||| qw: Do second Lair branch before Depths: true
     0 | D:1      | 0 ||| qw: Lair rune preference: random
     0 | D:1      | 0 ||| qw: Plans: Normal
     0 | D:1      | 0 ||| PLANNING D:1-11
     4 | D:1      | 4 ||| INVOKING Spit Poison.
    10 | D:1      | 10 ||| INVOKING Spit Poison.
   107 | D:1      | 107 ||| INVOKING Spit Poison.
   111 | D:1      | 111 ||| INVOKING Spit Poison.
   116 | D:1      | 116 ||| INVOKING Spit Poison.
   144 | D:1      | Reached skill level 4 in Ranged Weapons
   144 | D:1      | Reached XP level 2. HP: 26/26 MP: 2/2
   181 | D:1      | 181 ||| INVOKING Spit Poison.
   188 | D:1      | 188 ||| INVOKING Spit Poison.
   207 | D:1      | 207 ||| INVOKING Spit Poison.
   211 | D:1      | 211 ||| INVOKING Spit Poison.
   227 | D:1      | 227 ||| INVOKING Spit Poison.
   246 | D:1      | 246 ||| INVOKING Spit Poison.
   251 | D:1      | 251 ||| INVOKING Spit Poison.
   255 | D:1      | 255 ||| INVOKING Spit Poison.
   299 | D:1      | 299 ||| INVOKING Spit Poison.
   313 | D:1      | 313 ||| INVOKING Spit Poison.
   460 | D:1      | Reached XP level 3. HP: 32/32 MP: 3/3
   465 | D:1      | 465 ||| INVOKING Spit Poison.
   480 | D:1      | 480 ||| INVOKING Spit Poison.
   822 | D:1      | 822 ||| UPGRADING to +0 helmet.
   827 | D:1      | 827 ||| UPGRADING to +0 pair of gloves.
   832 | D:1      | 832 ||| READING scroll labelled POOLOCZA NUNUUNU.
   833 | D:1      | 833 ||| READING scroll labelled PUIMUJ GIXUAPN.
   834 | D:1      | 834 ||| READING scroll labelled DUONUXT HOSAN.
   835 | D:1      | 835 ||| DROPPING scroll of butterflies.
  1002 | D:2      | 1002 ||| INVOKING Spit Poison.
  1048 | D:2      | 1048 ||| INVOKING Spit Poison.
  1188 | D:2      | 1188 ||| INVOKING Spit Poison.
  1274 | D:2      | Noticed Jessica
  1276 | D:2      | 1276 ||| INVOKING Spit Poison.
  1276 | D:2      | Killed Jessica
  1277 | D:2      | Reached skill level 5 in Ranged Weapons
  1277 | D:2      | Reached XP level 4. HP: 39/39 MP: 4/4
  1427 | D:2      | 1427 ||| INVOKING Spit Poison.
  1428 | D:2      | 1428 ||| INVOKING Spit Poison.
  1520 | D:2      | 1520 ||| UPGRADING to +2 robe of positive energy.
  1530 | D:2      | 1530 ||| DROPPING +0 leather armour.
  1531 | D:2      | 1531 ||| UPGRADING to +4 ring of slaying {mikee}.
  1532 | D:2      | 1532 ||| READING 2 scrolls labelled JEICIE SUVA.
  1533 | D:2      | 1533 ||| READING scroll labelled IQOOSA USKUWUI.
  1634 | D:2      | 1634 ||| READING scroll labelled GUIGGI DIZ HOT.
  1635 | D:2      | 1635 ||| DRINKING 3 glowing sapphire potions.
  1636 | D:2      | 1636 ||| DRINKING 2 brown potions.
  1637 | D:2      | 1637 ||| DRINKING 2 silvery potions.
  1663 | D:2      | 1663 ||| READING 2 scrolls of identify.
  1663 | D:2      | 1663 ||| IDENTIFYING bubbling puce potion
  1664 | D:2      | 1664 ||| DROPPING 2 potions of degeneration.
  1665 | D:2      | 1665 ||| DROPPING scroll of blinking.
  1666 | D:2      | 1666 ||| DROPPING potion of attraction.
  1667 | D:2      | 1667 ||| DROPPING potion of lignification.
  1720 | D:3      | Found a snail-covered altar of Cheibriados.
  1721 | D:3      | 1721 ||| INVOKING Spit Poison.
  1730 | D:3      | 1730 ||| INVOKING Spit Poison.
  1823 | D:3      | 1823 ||| INVOKING Spit Poison.
  1902 | D:3      | 1902 ||| INVOKING Spit Poison.
  1926 | D:3      | 1926 ||| INVOKING Spit Poison.
  1964 | D:3      | 1964 ||| INVOKING Spit Poison.
  1968 | D:3      | 1968 ||| INVOKING Spit Poison.
  1969 | D:3      | Reached skill level 3 in Fighting
  1969 | D:3      | Reached XP level 5. HP: 49/49 MP: 5/5
  2049 | D:3      | Noticed Robin
  2050 | D:3      | 2050 ||| INVOKING Spit Poison.
  2051 | D:3      | 2051 ||| Stepping ~*~*~tactically~*~*~ (outnumbered).
  2054 | D:3      | 2054 ||| INVOKING Spit Poison.
  2056 | D:3      | 2056 ||| Stepping ~*~*~tactically~*~*~ (outnumbered).
  2058 | D:3      | 2058 ||| INVOKING Spit Poison.
  2062 | D:3      | 2062 ||| INVOKING Spit Poison.
  2068 | D:3      | 2068 ||| INVOKING Spit Poison.
  2072 | D:3      | Killed Robin
  2073 | D:3      | 2073 ||| INVOKING Spit Poison.
  2216 | D:3      | 2216 ||| INVOKING Spit Poison.
  2223 | D:3      | 2223 ||| INVOKING Spit Poison.
  2224 | D:3      | 2224 ||| INVOKING Spit Poison.
  2326 | D:3      | 2326 ||| INVOKING Spit Poison.
  2343 | D:3      | Noticed Ijyb
  2344 | D:3      | 2344 ||| INVOKING Spit Poison.
  2347 | D:3      | 2347 ||| INVOKING Spit Poison.
  2348 | D:3      | Killed Ijyb
  2523 | D:3      | 2523 ||| UPGRADING to +2 helmet.
  2533 | D:3      | 2533 ||| DROPPING +0 helmet.
  2534 | D:3      | 2534 ||| DROPPING ring of wizardry.
  2535 | D:3      | 2535 ||| READING scroll labelled DUTIEM UKAEPUR.
  2536 | D:3      | 2536 ||| READING scroll labelled KECKUTZO ZAMUE.
  2539 | D:3      | 2539 ||| READING scroll labelled HAERAO PIGHI.
  2540 | D:3      | 2540 ||| READING scroll labelled QIM MYIXTYUN.
  2541 | D:3      | 2541 ||| DRINKING 2 bubbling brown potions.
  2542 | D:3      | 2542 ||| READING 3 scrolls of identify.
  2542 | D:3      | 2542 ||| IDENTIFYING fizzy blue potion
  2543 | D:3      | 2543 ||| READING 2 scrolls of identify.
  2543 | D:3      | 2543 ||| IDENTIFYING yellow potion
  2544 | D:3      | 2544 ||| DROPPING potion of berserk rage.
  2579 | D:4      | Noticed a phantom
  2582 | D:4      | 2582 ||| INVOKING Spit Poison.
  2592 | D:4      | Killed a phantom
  2593 | D:4      | Reached skill level 6 in Ranged Weapons
  2593 | D:4      | Reached XP level 6. HP: 54/56 MP: 6/6
  2633 | D:4      | 2633 ||| INVOKING Spit Poison.
  2671 | D:4      | 2671 ||| INVOKING Spit Poison.
  2689 | D:4      | 2689 ||| INVOKING Spit Poison.
  2732 | D:4      | 2732 ||| INVOKING Spit Poison.
  2786 | D:4      | Found Faamnesu's Distillery.
  2804 | D:4      | 2804 ||| INVOKING Spit Poison.
  2811 | D:4      | 2811 ||| INVOKING Spit Poison.
  2821 | D:4      | Noticed a black bear
  2824 | D:4      | 2824 ||| INVOKING Spit Poison.
  2830 | D:4      | 2830 ||| INVOKING Spit Poison.
  2830 | D:4      | Killed a black bear
  2836 | D:4      | 2836 ||| INVOKING Spit Poison.
  2840 | D:4      | 2840 ||| INVOKING Spit Poison.
  2849 | D:4      | 2849 ||| INVOKING Spit Poison.
  2854 | D:4      | 2854 ||| INVOKING Spit Poison.
  2862 | D:4      | 2862 ||| INVOKING Spit Poison.
  2865 | D:4      | 2865 ||| INVOKING Spit Poison.
  2868 | D:4      | Reached XP level 7. HP: 66/66 MP: 7/7
  2872 | D:4      | 2872 ||| INVOKING Spit Poison.
  2877 | D:4      | Found a white marble altar of Elyvilon.
  2957 | D:4      | 2957 ||| Stepping ~*~*~tactically~*~*~ (outnumbered).
  2959 | D:4      | 2959 ||| Stepping ~*~*~tactically~*~*~ (outnumbered).
  2960 | D:4      | 2960 ||| INVOKING Spit Poison.
  2974 | D:4      | 2974 ||| INVOKING Spit Poison.
  2977 | D:4      | 2977 ||| INVOKING Spit Poison.
  2981 | D:4      | 2981 ||| INVOKING Spit Poison.
  2985 | D:4      | 2985 ||| INVOKING Spit Poison.
  3024 | D:4      | Found a glowing silver altar of Zin.
  3033 | D:4      | 3033 ||| INVOKING Spit Poison.
  3189 | D:4      | 3189 ||| READING scroll labelled LIRPHAT KYUCOMI.
  3190 | D:4      | 3190 ||| READING scroll labelled ZUT AROMOWY.
  3191 | D:4      | 3191 ||| READING 2 scrolls of identify.
  3191 | D:4      | 3191 ||| IDENTIFYING glowing dark potion
  3192 | D:4      | 3192 ||| DROPPING potion of brilliance.
  3211 | D:5      | Entered Level 5 of the Dungeon
  3257 | D:5      | 3257 ||| STAIRDANCE
  3261 | D:4      | 3261 ||| SHOPLISTING potion of cancellation (112 gold, have
                  | 99).
  3261 | D:4      | 3261 ||| SHOPLISTING potion of haste (140 gold, have 99).
  3261 | D:4      | 3261 ||| BUYING potion of heal wounds (70 gold).
  3261 | D:4      | Bought a potion of heal wounds for 70 gold pieces
  3261 | D:4      | 3261 ||| SHOPLISTING potion of mutation (112 gold, have
                  | 29).
  3343 | D:5      | 3343 ||| INVOKING Spit Poison.
  3350 | D:5      | 3350 ||| INVOKING Spit Poison.
  3359 | D:5      | 3359 ||| INVOKING Spit Poison.
  3366 | D:5      | 3366 ||| INVOKING Spit Poison.
  3414 | D:5      | 3414 ||| INVOKING Spit Poison.
  3420 | D:5      | Reached skill level 7 in Ranged Weapons
  3521 | D:5      | You fall into a shaft and drop 1 floor!
  3604 | D:6      | 3604 ||| INVOKING Spit Poison.
  3612 | D:6      | 3612 ||| INVOKING Spit Poison.
  3615 | D:6      | 3615 ||| INVOKING Spit Poison.
  3620 | D:6      | Reached skill level 8 in Ranged Weapons
  3620 | D:6      | Reached XP level 8. HP: 70/73 MP: 8/8
  3993 | D:5      | 3993 ||| INVOKING Spit Poison.
  4198 | D:5      | 4198 ||| DRINKING 2 inky potions.
  4199 | D:5      | 4199 ||| READING 2 scrolls of identify.
  4199 | D:5      | 4199 ||| IDENTIFYING fuming inky potion
  4200 | D:5      | 4200 ||| DROPPING potion of magic.
  4299 | D:6      | 4299 ||| INVOKING Spit Poison.
  4345 | D:6      | Noticed Prince Ribbit
  4349 | D:6      | 4349 ||| INVOKING Spit Poison.
  4352 | D:6      | 4352 ||| INVOKING Spit Poison.
  4354 | D:6      | Killed Prince Ribbit
  4373 | D:6      | 4373 ||| INVOKING Spit Poison.
  4377 | D:6      | 4377 ||| INVOKING Spit Poison.
  4381 | D:6      | 4381 ||| INVOKING Spit Poison.
  4382 | D:6      | Reached skill level 9 in Ranged Weapons
  4386 | D:6      | 4386 ||| INVOKING Spit Poison.
  4391 | D:6      | 4391 ||| INVOKING Spit Poison.
  4392 | D:6      | Reached skill level 1 in Armour
  4654 | D:6      | Noticed Maggie
  4659 | D:6      | 4659 ||| INVOKING Spit Poison.
  4662 | D:6      | Killed Maggie
  4663 | D:6      | Reached skill level 3 in Dodging
  4663 | D:6      | Reached XP level 9. HP: 53/81 MP: 9/9
  4750 | D:6      | 4750 ||| INVOKING Spit Poison.
  4910 | D:6      | Found a burning altar of Makhleb.
  4934 | D:6      | 4934 ||| READING 3 scrolls of identify.
  4934 | D:6      | 4934 ||| IDENTIFYING emerald potion
  4975 | D:7      | Found a hazy altar of Hepliaklqana.
  4986 | D:7      | Found a hide-covered altar of Uskayaw.
  5024 | D:7      | 5024 ||| INVOKING Spit Poison.
  5119 | D:7      | Found a staircase to the Ecumenical Temple.
  5120 | D:7      | 5120 ||| PLANNING TEMPLE
  5121 | D:7      | 5121 ||| INVOKING Spit Poison.
  5128 | D:7      | 5128 ||| INVOKING Spit Poison.
  5132 | D:7      | Reached skill level 6 in Fighting
  5137 | Temple   | Entered the Ecumenical Temple
  5143 | Temple   | 5143 ||| PLANNING OKAWARU WORSHIP
  5317 | Temple   | Became a worshipper of Warmaster Okawaru
  5317 | Temple   | 5317 ||| PLANNING D:1-11
  5342 | D:7      | 5342 ||| INVOKING Spit Poison.
  5347 | D:7      | Identified the +0 robe "Xakkevitt" {Contam Fly Regen+
                  | Stlth+}
  5350 | D:7      | Noticed a rime drake
  5359 | D:7      | Noticed a rime drake
  5362 | D:7      | 5362 ||| INVOKING Spit Poison.
  5366 | D:7      | 5366 ||| INVOKING Spit Poison.
  5367 | D:7      | Killed a rime drake
  5371 | D:7      | 5371 ||| INVOKING Spit Poison.
  5376 | D:7      | 5376 ||| INVOKING Spit Poison.
  5376 | D:7      | Killed a rime drake
  5377 | D:7      | Reached skill level 10 in Ranged Weapons
  5481 | D:7      | Noticed a rime drake
  5484 | D:7      | 5484 ||| INVOKING Spit Poison.
  5488 | D:7      | Killed a rime drake
  5488 | D:7      | Reached * piety under Okawaru
  5509 | D:7      | Found the +4 skin of Zhor {*Englaciate rC+++ SInv}
  5559 | D:7      | 5559 ||| INVOKING Spit Poison.
  5562 | D:7      | Reached skill level 1 in Invocations
  5563 | D:7      | 5563 ||| INVOKING Spit Poison.
  5564 | D:7      | 5564 ||| Stepping ~*~*~tactically~*~*~ (outnumbered).
  5567 | D:7      | 5567 ||| INVOKING Spit Poison.
  5655 | D:7      | 5655 ||| INVOKING Heroism.
  5656 | D:7      | 5656 ||| INVOKING Heroism.
  5793 | D:7      | Noticed a two-headed ogre
  5794 | D:7      | 5794 ||| INVOKING Heroism.
  5795 | D:7      | 5795 ||| INVOKING Spit Poison.
  5799 | D:7      | 5799 ||| INVOKING Spit Poison.
  5801 | D:7      | Killed a two-headed ogre
  5802 | D:7      | Reached skill level 3 in Invocations
  5802 | D:7      | Reached XP level 10. HP: 77/94 MP: 8/12
  5863 | D:7      | 5863 ||| DROPPING +0 steam dragon scales.
  5864 | D:7      | 5864 ||| UPGRADING to +0 robe "Xakkevitt" {Contam Fly
                  | Regen+ Stlth+}.
  5874 | D:7      | 5874 ||| UPGRADING to +4 skin of Zhor {*Englaciate rC+++
                  | SInv}.
  5884 | D:7      | 5884 ||| DROPPING +2 robe of positive energy.
  5928 | D:8      | 5928 ||| INVOKING Heroism.
  5929 | D:8      | 5929 ||| INVOKING Spit Poison.
  5931 | D:8      | 5931 ||| DRINKING potion of curing.
  5931 | D:8      | 5931 ||| (to cure confusion)
  5939 | D:8      | 5939 ||| INVOKING Spit Poison.
  6021 | D:8      | 6021 ||| INVOKING Heroism.
  6022 | D:8      | 6022 ||| INVOKING Spit Poison.
  6024 | D:8      | 6024 ||| Stepping ~*~*~tactically~*~*~ (cloud).
  6025 | D:8      | 6025 ||| Stepping ~*~*~tactically~*~*~ (cloud).
  6027 | D:8      | 6027 ||| INVOKING Spit Poison.
  6161 | D:8      | 6161 ||| INVOKING Heroism.
  6162 | D:8      | 6162 ||| Stepping ~*~*~tactically~*~*~ (outnumbered).
  6165 | D:8      | 6165 ||| INVOKING Spit Poison.
  6173 | D:8      | 6173 ||| INVOKING Spit Poison.
  6177 | D:8      | 6177 ||| INVOKING Spit Poison.
  6239 | D:8      | 6239 ||| DROPPING amulet of guardian spirit.
  6240 | D:8      | 6240 ||| READING scroll labelled UHU TERELINKO.
  6335 | D:8      | 6335 ||| INVOKING Spit Poison.
  6338 | D:8      | Reached skill level 11 in Ranged Weapons
  6555 | D:8      | 6555 ||| INVOKING Spit Poison.
  6672 | D:9      | Found Bioded's Assorted Antiques.
  6672 | D:9      | Found Codina Wipu's Jewellery Emporium.
  6672 | D:9      | Found Jithruug's Book Emporium.
  6675 | D:9      | Found Zynkapp's Antique Armour Emporium.
  6691 | D:9      | 6691 ||| BUYING 2 pink potions (57 gold).
  6691 | D:9      | Bought 2 pink potions for 57 gold pieces
  6691 | D:9      | 6691 ||| BUYING moonstone ring (160 gold).
  6691 | D:9      | Bought a moonstone ring for 160 gold pieces
  6691 | D:9      | 6691 ||| BUYING scroll labelled VAADGH BIDIDA (32 gold).
  6691 | D:9      | Bought a scroll labelled VAADGH BIDIDA for 32 gold pieces
  6691 | D:9      | 6691 ||| SHOPLISTING scroll of teleportation (96 gold, have
                  | 85).
  6691 | D:9      | 6691 ||| SHOPLISTING twisted leather armour (224 gold, have
                  | 85).
  6699 | D:9      | 6699 ||| SHOPLISTING +5 ring of evasion (576 gold, have
                  | 85).
  6699 | D:9      | 6699 ||| SHOPLISTING amulet of faith (640 gold, have 85).
  6699 | D:9      | 6699 ||| SHOPLISTING amulet of regeneration (480 gold, have
                  | 85).
  6699 | D:9      | 6699 ||| SHOPLISTING ring of Music {Contam rF+ Int+3} (523
                  | gold, have 85).
  6748 | D:9      | 6748 ||| INVOKING Spit Poison.
  6750 | D:9      | 6750 ||| Stepping ~*~*~tactically~*~*~ (outnumbered).
  6752 | D:9      | 6752 ||| INVOKING Heroism.
  6755 | D:9      | 6755 ||| INVOKING Spit Poison.
  6759 | D:9      | 6759 ||| INVOKING Spit Poison.
  6766 | D:9      | 6766 ||| INVOKING Spit Poison.
  6775 | D:9      | 6775 ||| INVOKING Spit Poison.
  7097 | D:9      | 7097 ||| INVOKING Spit Poison.
  7183 | D:9      | 7183 ||| UPGRADING to +4 ring of protection.
  7184 | D:9      | 7184 ||| READING scroll labelled VAADGH BIDIDA.
  7185 | D:9      | 7185 ||| READING scroll labelled DUBBOZ BYHUTEE.
  7186 | D:9      | 7186 ||| DRINKING 2 pink potions.
  7187 | D:9      | 7187 ||| DROPPING potion of enlightenment.
  7209 | D:10     | Entered Level 10 of the Dungeon
  7250 | D:10     | 7250 ||| INVOKING Spit Poison.
  7255 | D:10     | Reached ** piety under Okawaru
  7259 | D:10     | 7259 ||| INVOKING Spit Poison.
  7288 | D:10     | 7288 ||| INVOKING Heroism.
  7289 | D:10     | 7289 ||| Stepping ~*~*~tactically~*~*~ (cloud).
  7294 | D:10     | 7294 ||| Stepping ~*~*~tactically~*~*~ (cloud).
  7305 | D:10     | 7305 ||| Stepping ~*~*~tactically~*~*~ (cloud).
  7323 | D:10     | 7323 ||| INVOKING Heroism.
  7339 | D:10     | 7339 ||| INVOKING Heroism.
  7343 | D:10     | 7343 ||| INVOKING Spit Poison.
  7345 | D:10     | 7345 ||| Stepping ~*~*~tactically~*~*~ (cloud).
  7353 | D:10     | 7353 ||| INVOKING Spit Poison.
  7365 | D:10     | 7365 ||| INVOKING Spit Poison.
  7372 | D:10     | 7372 ||| INVOKING Spit Poison.
  7377 | D:10     | 7377 ||| INVOKING Spit Poison.
  7382 | D:10     | 7382 ||| INVOKING Spit Poison.
  7386 | D:10     | 7386 ||| INVOKING Heroism.
  7392 | D:10     | Reached skill level 12 in Ranged Weapons
  7423 | D:10     | 7423 ||| INVOKING Heroism.
  7425 | D:10     | 7425 ||| INVOKING Spit Poison.
  7525 | D:10     | 7525 ||| INVOKING Spit Poison.
  7543 | D:10     | 7543 ||| INVOKING Heroism.
  7544 | D:10     | 7544 ||| INVOKING Spit Poison.
  7554 | D:10     | 7554 ||| INVOKING Spit Poison.
  7560 | D:10     | 7560 ||| INVOKING Spit Poison.
  7610 | D:10     | Noticed a gargoyle
  7628 | D:10     | Killed a gargoyle
  7629 | D:10     | Reached XP level 11. HP: 83/103 MP: 14/14
  7695 | D:10     | Found a staircase to the Orcish Mines.
  7756 | D:10     | Noticed a death knight
  7760 | D:10     | 7760 ||| INVOKING Spit Poison.
  7764 | D:10     | 7764 ||| INVOKING Heroism.
  7768 | D:10     | 7768 ||| INVOKING Spit Poison.
  7770 | D:10     | Killed a death knight
  7979 | D:10     | Noticed a centaur warrior
  7985 | D:10     | a shapeshifter changed into a fire crab
  7985 | D:10     | Noticed a fire crab (shapeshifter)
  7989 | D:10     | Found a staircase to the Lair.
  7990 | D:10     | 7990 ||| INVOKING Spit Poison.
  7994 | D:10     | Killed a fire crab
  7995 | D:10     | Reached skill level 13 in Ranged Weapons
  8064 | D:10     | 8064 ||| INVOKING Heroism.
  8068 | D:10     | Killed a centaur warrior
  8230 | D:10     | Noticed Fannar
  8231 | D:10     | 8231 ||| INVOKING Spit Poison.
  8232 | D:10     | 8232 ||| Stepping ~*~*~tactically~*~*~ (outnumbered).
  8236 | D:10     | 8236 ||| INVOKING Spit Poison.
  8244 | D:10     | 8244 ||| INVOKING Spit Poison.
  8248 | D:10     | 8248 ||| INVOKING Spit Poison.
  8253 | D:10     | Killed Fannar
  8253 | D:10     | Reached *** piety under Okawaru
  8254 | D:10     | Reached skill level 9 in Fighting
  8381 | D:10     | 8381 ||| INVOKING Spit Poison.
  8437 | D:10     | Found a portal to a secret trove of treasure.
  8599 | D:10     | Noticed a boulder beetle
  8608 | D:10     | 8608 ||| INVOKING Heroism.
  8609 | D:10     | 8609 ||| INVOKING Spit Poison.
  8616 | D:10     | 8616 ||| INVOKING Spit Poison.
  8622 | D:10     | 8622 ||| INVOKING Spit Poison.
  8628 | D:10     | 8628 ||| INVOKING Spit Poison.
  8635 | D:10     | 8635 ||| INVOKING Spit Poison.
  8635 | D:10     | Killed a boulder beetle
  8635 | D:10     | Reached **** piety under Okawaru
  8865 | D:10     | 8865 ||| PLANNING LAIR
  8885 | Lair:1   | Entered Level 1 of the Lair of Beasts
  8902 | Lair:1   | 8902 ||| INVOKING Spit Poison.
  8910 | Lair:1   | 8910 ||| INVOKING Spit Poison.
  8919 | Lair:1   | 8919 ||| INVOKING Spit Poison.
  8922 | Lair:1   | 8922 ||| INVOKING Heroism.
  8986 | Lair:1   | 8986 ||| INVOKING Spit Poison.
  9047 | Lair:1   | 9047 ||| INVOKING Heroism.
  9051 | Lair:1   | 9051 ||| INVOKING Spit Poison.
  9055 | Lair:1   | 9055 ||| INVOKING Spit Poison.
  9059 | Lair:1   | 9059 ||| INVOKING Spit Poison.
  9113 | Lair:1   | 9113 ||| INVOKING Spit Poison.
  9120 | Lair:1   | 9120 ||| INVOKING Spit Poison.
  9124 | Lair:1   | 9124 ||| INVOKING Spit Poison.
  9128 | Lair:1   | 9128 ||| INVOKING Spit Poison.
  9134 | Lair:1   | 9134 ||| INVOKING Heroism.
  9135 | Lair:1   | 9135 ||| INVOKING Spit Poison.
  9139 | Lair:1   | 9139 ||| INVOKING Spit Poison.
  9285 | Lair:1   | 9285 ||| INVOKING Heroism.
  9292 | Lair:1   | 9292 ||| INVOKING Spit Poison.
  9299 | Lair:1   | 9299 ||| INVOKING Spit Poison.
  9307 | Lair:1   | 9307 ||| INVOKING Heroism.
  9308 | Lair:1   | 9308 ||| INVOKING Spit Poison.
  9317 | Lair:1   | 9317 ||| INVOKING Spit Poison.
  9326 | Lair:1   | 9326 ||| INVOKING Heroism.
  9331 | Lair:1   | 9331 ||| INVOKING Spit Poison.
  9493 | Lair:1   | 9493 ||| INVOKING Heroism.
  9496 | Lair:1   | 9496 ||| INVOKING Spit Poison.
  9505 | Lair:1   | 9505 ||| INVOKING Spit Poison.
  9509 | Lair:1   | Reached XP level 12. HP: 95/114 MP: 14/16
  9515 | Lair:1   | 9515 ||| INVOKING Heroism.
  9523 | Lair:1   | Reached skill level 14 in Ranged Weapons
  9659 | Lair:1   | 9659 ||| READING scroll of brand weapon.
  9659 | Lair:1   | 9659 ||| BRANDING +1 shortbow of freezing.
  9996 | Lair:2   | Noticed Amaemon
  9997 | Lair:2   | 9997 ||| INVOKING Heroism.
 10016 | Lair:2   | 10016 ||| INVOKING Heroism.
 10028 | Lair:2   | HP: 28/115 [Amaemon/+0 demon whip of venom (1)]
 10029 | Lair:2   | 10029 ||| READING 6 scrolls of teleportation.
 10030 | Lair:2   | 10030 ||| DRINKING 2 potions of heal wounds.
 10031 | Lair:2   | Killed Amaemon
 10033 | Lair:2   | HP: 29/116 [poisoned by scorpion (concentrated venom)]
 10261 | Lair:2   | Found a frozen archway.
 10349 | Lair:2   | Identified the +4 rapier of Kaihai {holy, rPois}
 10359 | Lair:2   | 10359 ||| INVOKING Heroism.
 10400 | Lair:2   | Noticed a skyshark
 10407 | Lair:2   | Killed a skyshark
 10619 | Lair:2   | Reached skill level 6 in Invocations
 10627 | Lair:2   | Reached skill level 6 in Dodging
 10631 | Lair:2   | 10631 ||| INVOKING Heroism.
 10846 | Lair:2   | Found a staircase to the Shoals.
 11311 | Lair:2   | 11311 ||| DROPPING ring of protection from cold.
 11602 | Lair:3   | 11602 ||| UPGRADING to +1 pair of gloves.
 11705 | Lair:3   | 11705 ||| DROPPING +0 pair of gloves.
 11706 | Lair:3   | 11706 ||| DROPPING +1 pair of gloves.
 11720 | Lair:3   | Reached ***** piety under Okawaru
 11804 | Lair:3   | 11804 ||| INVOKING Heroism.
 11968 | Lair:3   | Noticed Gastronok
 11969 | Lair:3   | 11969 ||| INVOKING Heroism.
 11981 | Lair:3   | Killed Gastronok
 11987 | Lair:3   | Found a shimmering altar of Xom.
 11991 | Lair:3   | 11991 ||| UPGRADING to +2 hat of willpower.
 12200 | Lair:3   | 12200 ||| Stepping ~*~*~tactically~*~*~ (outnumbered).
 12206 | Lair:3   | Found a staircase to the Snake Pit.
 12207 | Lair:3   | 12207 ||| Stepping ~*~*~tactically~*~*~ (outnumbered).
 12444 | Lair:3   | 12444 ||| READING 6 scrolls of identify.
 12444 | Lair:3   | 12444 ||| IDENTIFYING glowing clear potion
 12445 | Lair:3   | 12445 ||| DROPPING potion of ambrosia.
 12476 | Lair:4   | Gained mutation: You can use your snake-like lower body to
                  | constrict enemies. [Naga growth]
 12476 | Lair:4   | Reached XP level 13. HP: 118/127 MP: 19/19
 12500 | Lair:4   | Identified the +6 mace of Fedhas's Generosity {venom,
                  | Dex+2}
 12603 | Lair:4   | Reached skill level 9 in Invocations
 12627 | Lair:4   | 12627 ||| INVOKING Heroism.
 12763 | Lair:4   | 12763 ||| INVOKING Heroism.
 12764 | Lair:4   | 12764 ||| INVOKING Finesse.
 12979 | Lair:4   | 12979 ||| INVOKING Heroism.
 12992 | Lair:4   | HP: 30/127 [dream sheep (4)]
 12993 | Lair:4   | 12993 ||| READING 5 scrolls of teleportation.
 12993 | Lair:4   | HP: 12/127 [dream sheep (19)]
 12994 | Lair:4   | 12994 ||| DRINKING potion of heal wounds.
 13259 | Lair:4   | Noticed Rupert
 13260 | Lair:4   | 13260 ||| INVOKING Heroism.
 13261 | Lair:4   | 13261 ||| INVOKING Finesse.
 13287 | Lair:4   | Killed Rupert
 13287 | Lair:4   | Received a gift from Okawaru
 13288 | Lair:4   | Reached skill level 12 in Fighting
 13507 | Lair:4   | 13507 ||| SWAPPING to +1 triple crossbow of draining.
 13508 | Lair:4   | 13508 ||| DROPPING +1 heavy shortbow.
 13974 | Lair:5   | Entered Level 5 of the Lair of Beasts
 13975 | Lair:5   | 13975 ||| INVOKING Heroism.
 13992 | Lair:5   | 13992 ||| INVOKING Heroism.
 14028 | Lair:5   | 14028 ||| INVOKING Heroism.
 14029 | Lair:5   | 14029 ||| INVOKING Finesse.
 14054 | Lair:5   | 14054 ||| Stepping ~*~*~tactically~*~*~ (cloud).
 14055 | Lair:5   | 14055 ||| Stepping ~*~*~tactically~*~*~ (cloud).
 14057 | Lair:5   | 14057 ||| INVOKING Heroism.
 14060 | Lair:5   | HP: 32/129 [poisoned by a water moccasin]
 14061 | Lair:5   | 14061 ||| READING 4 scrolls of teleportation.
 14062 | Lair:5   | 14062 ||| DRINKING potion of heal wounds.
 14094 | Lair:5   | Reached skill level 15 in Ranged Weapons
 14106 | Lair:5   | 14106 ||| INVOKING Heroism.
 14111 | Lair:5   | HP: 26/129 [manticore/volley of spikes (24)]
 14112 | Lair:5   | 14112 ||| READING 3 scrolls of teleportation.
 14222 | Lair:5   | 14222 ||| INVOKING Heroism.
 14313 | Lair:5   | 14313 ||| FLEEEEING.
 14314 | Lair:5   | 14314 ||| FLEEEEING.
 14315 | Lair:5   | 14315 ||| FLEEEEING.
 14316 | Lair:5   | 14316 ||| FLEEEEING.
 14317 | Lair:5   | 14317 ||| FLEEEEING.
 14318 | Lair:5   | 14318 ||| FLEEEEING.
 14319 | Lair:5   | 14319 ||| FLEEEEING.
 14320 | Lair:5   | 14320 ||| STAIRDANCE
 14430 | Lair:5   | 14430 ||| READING scroll of enchant weapon.
 14430 | Lair:5   | 14430 ||| ENCHANTING +1 triple crossbow of draining.
 14497 | Lair:5   | Reached XP level 14. HP: 130/138 MP: 21/21
 14717 | Lair:5   | Reached skill level 16 in Ranged Weapons
 14732 | Lair:5   | 14732 ||| INVOKING Heroism.
 14737 | Lair:5   | HP: 23/138 [snapping turtle (15)]
 14738 | Lair:5   | 14738 ||| READING 2 scrolls of teleportation.
 14742 | Lair:5   | HP: 18/138 [poisoned by a sea snake]
 14758 | Lair:5   | 14758 ||| READING scroll of teleportation.
 14759 | Lair:5   | 14759 ||| INVOKING Heroism.
 14760 | Lair:5   | HP: 12/138 [rime drake/icy flash freeze (11)]
 14765 | Lair:5   | HP: 11/138 [wind drake/the air (4)]
 14772 | Lair:5   | Killed from afar by a wind drake

Levels and vault maps discovered:
D:1:      spicycebolla_arrival_xxxplode, layout_basic, minmay_worlds_worst_comb
D:2:      layout_basic, uniq_jessica
D:3:      layout_loops_ring, mainiacjoe_overflow_catwalk, uniq_ijyb, uniq_robin
D:4:      layout_cave_pools, mainiacjoe_overflow_catch_the_wave,
          minmay_misc_feat_tiny, nicolae_take_the_stairs
D:5:      layout_gridville
D:6:      layout_rooms, lightli_temple_of_fire, uniq_prince_ribbit1, uniq_maggie
D:7:      layout_rooms, nicolae_overflow_hidden_temple,
          minmay_temple_entry_mini_moons, hellmonk_guarded_unrand_zhor
D:8:      layout_loops_ring
D:9:      layout_rooms, minmay_shop_grid_forest
D:10:     layout_stronghold, lair_entry_dummy, david_orc_2,
          nicolae_trove_entry_diagonal, kb_rosetta, uniq_fannar
Temple:   regret_index_temple_sphere_string
Lair:1:   layout_long_grid
Lair:2:   layout_cellular_growth, shoals_dummy_entry,
          portal_ice_cave_entry_pillars_1, beast_lair_carwin_2, uniq_amaemon
Lair:3:   layout_chaotic_city, nicolae_snake_entry_squirm, basic_altar,
          pdpol_lair_neglected_garden, uniq_gastronok
Lair:4:   layout_regular_city, serial_forest, infiniplex_forest_straight_3,
          infiniplex_forest_clump_medium, infiniplex_forest_end_1,
          infiniplex_forest_clump_small, infiniplex_forest_clump_long,
          infiniplex_forest_end_3, infiniplex_forest_fountain, uniq_rupert
Lair:5:   gammafunk_lair_ancient_temple, layout_misc_corridors, slime_entry_1

Skill      XL: |  1  2  3  4  5  6  7  8  9 10 11 12 13 14 |
---------------+-------------------------------------------+-----
Ranged Weapons | 4 5 6 8 9 10 12 13 14 15 16 | 16.2
Fighting       | 3 4 5 7 8 9 11 12 | 12.1
Dodging        | 2 3 4 5 6 7 |  7.0
Armour         | 1 2 |  2.0
Invocations    | 3 4 5 8 10 | 10.0
Stealth        | |  1.5

Action                     |  1- 3 |  4- 6 |  7- 9 | 10-12 | 13-15 || total
---------------------------+-------+-------+-------+-------+-------++-------
   Fire: Shortbow          |    48 |   112 |   161 |   589 |   134 ||  1044
         Triple crossbow   |       |       |       |       |   184 ||   184
 Invoke: Heroism           |       |       |     2 |    27 |    12 ||    41
         Finesse           |       |       |       |       |     3 ||     3
Ability: Spit Poison       |    21 |    34 |    40 |    61 |       ||   156
    Use: Scroll            |     3 |    10 |     5 |     6 |     6 ||    30
         Potion            |       |     4 |     1 |     3 |     2 ||    10
 Armour: Leather armour    |     5 |       |       |       |       ||     5
         Robe              |       |    21 |    31 |       |       ||    52
         Animal skin       |       |       |       |   119 |   110 ||   229
  Dodge: Dodged            |    10 |    21 |    29 |   216 |   194 ||   470

Table legend:
 A = Non-vault XP
 B = Vault XP
 C = Vault XP percentage of total XP
 D = Non-vault monster count
 E = Vault monster count
 F = Vault count percentage of total count
                 A         B        C        D         E       F
            +---------+---------+-------+---------+---------+-------
      Total |   41497 |   19140 |  31.6 |     288 |      59 |  17.0
            +---------+---------+-------+---------+---------+-------
        D:1 |      38 |       2 |   5.0 |      20 |       1 |   4.8
        D:2 |      16 |      37 |  69.8 |       8 |       1 |  11.1
        D:3 |      99 |      73 |  42.4 |      22 |      13 |  37.1
        D:4 |     472 |       0 |   0.0 |      28 |       0 |   0.0
        D:5 |     188 |       0 |   0.0 |       8 |       0 |   0.0
        D:6 |     824 |     659 |  44.4 |      11 |       2 |  15.4
        D:7 |    1570 |    1081 |  40.8 |      16 |       3 |  15.8
        D:8 |     815 |       0 |   0.0 |      15 |       0 |   0.0
        D:9 |     631 |       0 |   0.0 |      10 |       0 |   0.0
       D:10 |    3196 |    4432 |  58.1 |      23 |       9 |  28.1
     Lair:1 |    4982 |       0 |   0.0 |      21 |       0 |   0.0
     Lair:2 |    4396 |    1651 |  27.3 |      11 |       6 |  35.3
     Lair:3 |    4567 |    2004 |  30.5 |      19 |       4 |  17.4
     Lair:4 |    8983 |    1914 |  17.6 |      38 |       1 |   2.6
     Lair:5 |   10720 |    7287 |  40.5 |      38 |      19 |  33.3
            +---------+---------+-------+---------+---------+-------
